 Dungeon Crawl Stone Soup version 0.31.0-1-g2c135a008e (webtiles) character file.

Game seed: 14766815889366291999

62 qw the Shooter (level 4, -8/35 HPs)
             Began as a Djinni Hunter on Jan 23, 2024.
             Mangled by a gnoll
             ... wielding a +0 flail
              (10 damage)
             ... on level 3 of the Dungeon.
             The game lasted 00:00:07 (1813 turns).

qw the Shooter (Djinni Hunter)                      Turns: 1813, Time: 00:00:07

Health: -8/35      AC:  6    Str: 14    XL:     4   Next: 28%
Gold:   89         EV: 12    Int:  9    God:
                   SH:  0    Dex: 18

rFire   + + .        a - +0 shortbow
rCold   x . .        (shield currently unavailable)
rNeg    + . .        c - +0 leather armour
rPois   inf          (helmet restricted)
rElec   .            d - +1 cloak
rCorr   .            i - +0 pair of gloves
SInv    .            (boots unavailable)
Will    .....        (no amulet)
Stlth   ++           h - ring of positive energy
HPRegen 0.25/turn    (no ring)
MPRegen 0.00/turn

%: infuse magic (-9 HP)
@: flying
A: sickness immunity, fire resistance 2, cold vulnerability 1, float, innate
caster, HP casting, extra vitality 1, claws 1, horns 1, strong 1
a: no special abilities


You were on level 3 of the Dungeon.
You visited 1 branch of the dungeon, and saw 3 of its levels.

You collected 115 gold pieces.
You spent 26 gold pieces at shops.


Innate Abilities, Weirdness & Mutations

You are immune to sickness and miasma.
You are immune to poison.
Your flesh is very heat resistant. (rF++)
You are vulnerable to cold. (rC-)
You float through the air rather than walking.
You learn spells naturally, not from books.
Your magical power is your life essence.
You have superior vitality. (+4 MHP)
You have sharp fingernails.
You have a pair of small horns on your head.
Your muscles are strong. (Str +4, Int/Dex -1)


   Skills:
 - Level 3.0 Fighting
 - Level 4.0 Ranged Weapons
 + Level 2.6 Dodging
 - Level 0.7 Stealth


You knew the following spells:

 Your Spells              Type           Power      Damage    Failure   Level
a - Apportation           Tloc           0%         N/A       45%         1
Your spell library was empty.

Inventory:

Hand Weapons
 a - a +0 shortbow (weapon)
Armour
 c - a +0 leather armour (worn)
 d - a +1 cloak (worn)
 i - a +0 pair of gloves (worn)
Jewellery
 h - a ring of positive energy (left hand)

Dungeon Overview and Level Annotations

Branches:
Dungeon (3/15)

Altars:

Shops:
D:1 (=!?[


Message History

Enter note:
Enter note:
1800 ||| RETREEEEATING.
You shoot an arrow. The arrow hits the gnoll!
The gnoll is severely wounded.
The gnoll hits you from afar with a +0 halberd.
You shoot an arrow. The arrow hits the gnoll.
The gnoll is severely wounded.
The gnoll hits you from afar with a +0 halberd!
You shoot an arrow.
The arrow hits the gnoll but does no damage.
The gnoll is severely wounded.
1804 ||| FLEEEEING.
1805 ||| FLEEEEING.
You shoot an arrow. The arrow barely misses the gnoll.
Enter note: You shoot an arrow.
The arrow barely misses the gnoll.
The arrow hits the gnoll but does no damage.
The gnoll is severely wounded.
The gnoll hits you with a +0 flail! The gnoll completely misses you.
You shoot an arrow. The arrow closely misses the gnoll.
The arrow hits the gnoll!
You kill the gnoll!
The gnoll barely misses you.
You shoot an arrow. The arrow barely misses the gnoll.
The arrow hits the gnoll but does no damage.
The gnoll hits you with a +0 flail!
You shoot an arrow.
The arrow hits the gnoll but does no damage.
The gnoll hits you with a +0 flail! The gnoll barely misses you.
You shoot an arrow. The arrow hits the gnoll!
The gnoll is heavily wounded.
The gnoll barely misses you.
You shoot an arrow. The arrow hits the gnoll.
The gnoll is almost dead.
The gnoll barely misses you.
You shoot an arrow. The arrow closely misses the gnoll.
The arrow hits the gnoll but does no damage.
The gnoll hits you with a +0 flail. The gnoll hits you with a +0 flail!
You die...

......#
.##.#.#############
.#..#...........<.#
.##################
.................#
.###############.#
#### #.# .... #.#
#### #@# #g# #g#
#g# .ggg.)...#
######## ##########
.......# ######.#
....##.#


You could see 3 gnolls.

Vanquished Creatures
  A gnoll (D:3)
  A dart slug (D:2)
  3 ribbon worms (D:2)
  4 endoplasms
  5 giant cockroaches
  4 goblins
  3 hobgoblins
  2 quokkas
  4 ball pythons
  3 bats
  4 frilled lizards
  5 kobolds
  4 rats
43 creatures vanquished.

Notes
Turn   | Place    | Note
-------+----------+-------------------------------------------
     0 | D:1      | qw the Djinni Hunter began the quest for the Orb.
     0 | D:1      | Reached XP level 1. HP: 18/18 MP: 0/0
     0 | D:1      | 0 ||| qw: Version: 0.3-a-136-gdd3b4e8
     0 | D:1      | 0 ||| qw: Game counter: 1105
     0 | D:1      | 0 ||| qw: Melee chars always use a shield: true
     0 | D:1      | 0 ||| qw: God list: Okawaru
     0 | D:1      | 0 ||| qw: Allow faded altars: false
     0 | D:1      | 0 ||| qw: Do Orc after clearing Dungeon:15 true
     0 | D:1      | 0 ||| qw: Do second Lair branch before Depths: true
     0 | D:1      | 0 ||| qw: Lair rune preference: random
     0 | D:1      | 0 ||| qw: Goals: Normal
     0 | D:1      | 0 ||| PLANNING D:1-11
    23 | D:1      | Found Qaps's Distillery.
    32 | D:1      | 32 ||| SHOPLISTING potion of curing (42 gold, have 0).
    32 | D:1      | 32 ||| SHOPLISTING potion of haste (140 gold, have 0).
    32 | D:1      | 32 ||| SHOPLISTING potion of heal wounds (70 gold, have 0).
    32 | D:1      | 32 ||| SHOPLISTING potion of mutation (112 gold, have 0).
   148 | D:1      | Found Omeacrez's Antique Armour Emporium.
   152 | D:1      | Reached XP level 2. HP: 23/23 MP: 0/0
   153 | D:1      | 153 ||| SHOPLISTING glowing robe (111 gold, have 0).
   153 | D:1      | 153 ||| SHOPLISTING pair of bloodstained gloves (285 gold,
                  | have 0).
   359 | D:1      | Found Wideh's Antique Weapon Emporium.
   365 | D:1      | 365 ||| SHOPLISTING ivory orcbow (204 gold, have 12).
   365 | D:1      | 365 ||| SHOPLISTING runed shortbow (144 gold, have 12).
   397 | D:1      | Reached XP level 3. HP: 22/28 MP: 0/0
   397 | D:1      | Learned a level 1 spell: Apportation
   449 | D:1      | Found Yrirphini's Jewellery Emporium.
   455 | D:1      | 455 ||| SHOPLISTING amulet of regeneration (360 gold, have
                  | 16).
   455 | D:1      | 455 ||| SHOPLISTING amulet of the acrobat (360 gold, have
                  | 16).
   455 | D:1      | 455 ||| SHOPLISTING ring of willpower (300 gold, have 16).
   530 | D:1      | Reached skill level 4 in Ranged Weapons
   622 | D:1      | Found Yngig's Magic Scroll Shop.
   626 | D:1      | 626 ||| SHOPLISTING scroll of enchant weapon (97 gold, have
                  | 26).
   626 | D:1      | 626 ||| BUYING scroll of identify (26 gold).
   626 | D:1      | Bought a scroll of identify for 26 gold pieces
   626 | D:1      | 626 ||| SHOPLISTING scroll of identify (26 gold, have 0).
   683 | D:1      | 683 ||| UPGRADING to +0 cloak.
   688 | D:1      | 688 ||| UPGRADING to ring of positive energy.
   689 | D:1      | 689 ||| READING 2 scrolls of identify.
   689 | D:1      | 689 ||| IDENTIFYING fuming white potion
   690 | D:1      | 690 ||| READING scroll of identify.
   690 | D:1      | 690 ||| IDENTIFYING sapphire potion
   691 | D:1      | 691 ||| DRINKING potion of mutation.
   691 | D:1      | Gained mutation: You have a pair of small horns on your
                  | head. [potion of mutation]
   691 | D:1      | Gained mutation: You have sharp fingernails. [potion of
                  | mutation]
   691 | D:1      | Gained mutation: Your muscles are strong. (Str +4, Int/Dex
                  | -1) [potion of mutation]
   692 | D:1      | 692 ||| READING scroll labelled XOCAUWK NAITA.
   692 | D:1      | 692 ||| ENCHANTING +0 cloak.
   693 | D:1      | 693 ||| DROPPING scroll of butterflies.
   694 | D:1      | 694 ||| DROPPING potion of attraction.
  1253 | D:2      | Found a faded altar of an unknown god.
  1450 | D:2      | Reached XP level 4. HP: 34/34 MP: 0/0
  1559 | D:2      | Reached skill level 3 in Fighting
  1589 | D:2      | 1589 ||| DROPPING scarf of invisibility.
  1590 | D:2      | 1590 ||| UPGRADING to +0 pair of gloves.
  1595 | D:2      | 1595 ||| READING 2 scrolls of identify.
  1595 | D:2      | 1595 ||| IDENTIFYING bubbling inky potion
  1596 | D:2      | 1596 ||| READING scroll of identify.
  1596 | D:2      | 1596 ||| IDENTIFYING metallic pink potion
  1597 | D:2      | 1597 ||| DROPPING potion of berserk rage.
  1598 | D:2      | 1598 ||| DROPPING potion of degeneration.
  1800 | D:3      | 1800 ||| RETREEEEATING.
  1804 | D:3      | 1804 ||| FLEEEEING.
  1805 | D:3      | 1805 ||| FLEEEEING.
  1810 | D:3      | HP: 4/35 [gnoll/+0 flail (7)]
  1813 | D:3      | Mangled by a gnoll

Levels and vault maps discovered:
D:1:      dpeg_arrival_refuge, layout_basic, serial_forest,
          infiniplex_forest_fountain, infiniplex_forest_straight_5,
          infiniplex_forest_clump_double, infiniplex_forest_lined_room_3,
          infiniplex_forest_lined_1, infiniplex_forest_lined_2,
          infiniplex_forest_end_3, infiniplex_forest_straight_2, serial_shops,
          nicolae_shop_stone, shop, nicolae_shop_hallway_stairs,
          nicolae_shop_rolled_up, nicolae_shop_rolling_square
D:2:      layout_basic, ebering_ecumenical_altar_abandoned,
          nicolae_elevator_lobby_asterisk
D:3:      layout_basic, grunt_decor_resistance, kennysheep_flooded_box,
          grunt_decor_mini_mirrors

Skill      XL: |  1  2  3  4 |
---------------+-------------+-----
Ranged Weapons | 4 |  4.0
Fighting       | 3 |  3.0
Dodging        | |  2.6
Stealth        | |  0.7

Action                     |  1- 3 |  4- 6 || total
---------------------------+-------+-------++-------
   Fire: Shortbow          |   137 |    18 ||   155
    Use: Scroll            |     3 |     2 ||     5
         Potion            |     1 |       ||     1
 Armour: Leather armour    |    25 |     7 ||    32
  Dodge: Dodged            |    34 |     6 ||    40

Table legend:
 A = Non-vault XP
 B = Vault XP
 C = Vault XP percentage of total XP
 D = Non-vault monster count
 E = Vault monster count
 F = Vault count percentage of total count
                 A         B        C        D         E       F
            +---------+---------+-------+---------+---------+-------
      Total |      89 |       0 |   0.0 |      43 |       0 |   0.0
            +---------+---------+-------+---------+---------+-------
        D:1 |      30 |       0 |   0.0 |      19 |       0 |   0.0
        D:2 |      43 |       0 |   0.0 |      21 |       0 |   0.0
        D:3 |      16 |       0 |   0.0 |       3 |       0 |   0.0
            +---------+---------+-------+---------+---------+-------
